 Dungeon Crawl Stone Soup version 0.21.1-1-g345015f (webtiles) character file.

185579 Wander the Bludgeoner (level 19, -2/153 HPs)
             Began as a Human Wanderer on May 1, 2018.
             Was the Champion of Ru.
             Slain by a komodo dragon (22 damage)
             ... on level 3 of the Swamp on May 3, 2018.
             The game lasted 02:24:31 (40125 turns).

Wander the Bludgeoner (Human Wanderer)             Turns: 40125, Time: 02:24:32

Health: -2/153     AC: 22    Str: 25    XL:     19   Next: 14%
Magic:  20/20      EV:  5    Int:  9    God:    Ru [******]
Gold:   2262       SH: 36    Dex: 11    Spells: 12/18 levels left

rFire    . . .     SeeInvis +   a - +2 flail (holy)
rCold    x . .     Gourm    .   s - +10 large shield of Ignorance {rN+ Int-4}
rNeg     + . .     Faith    .   J - +1 chain mail of Gozag's Regard {rElec Str+7 Dex-4 SInv}
rPois    .         Spirit   .   F - +2 hat {SInv}
rElec    +         Reflect  +   t - +2 cloak
rCorr    .         Harm     .   W - +0 pair of gloves
MR       +....                  m - +0 pair of boots
Stlth    ..........             M - +6 amulet of reflection
HPRegen  0.35/turn              (no ring)
MPRegen  0.17/turn              X - ring of protection from fire

@: about to teleport, berserk cooldown
A: hated by all, no air magic, no translocations magic, no transmutations magic,
reduced EV 1, temperature sensitive
a: Draw Out Power, Power Leap, Apocalypse, Renounce Religion


You were on level 3 of the Swamp.
You worshipped Ru.
Ru was exalted by your worship.
You were near starving.

You visited 5 branches of the dungeon, and saw 27 of its levels.
You also visited: Labyrinth.

You collected 2571 gold pieces.
You spent 309 gold pieces at shops.

Inventory:

Hand Weapons
 a - a +2 flail of holy wrath (weapon)
 b - the +4 hand crossbow of Conservatism {elec, rF- Str+4 Int+3}
   (You found it on level 8 of the Dungeon)

   It charges the ammunition it shoots with electricity; occasionally upon a
   hit, such missiles may discharge and cause terrible harm.
   It affects your strength (+4).
   It affects your intelligence (+3).
   It makes you vulnerable to fire.
 l - the +5 flail of Intuition {venom, Int+5}
   (You found it on level 14 of the Dungeon)

   It poisons the flesh of those it strikes.
   It affects your intelligence (+5).
Missiles
 S - 44 bolts
Armour
 m - a +0 pair of boots (worn)
 s - the +10 large shield of Ignorance (worn) {rN+ Int-4}
   (You found it on level 1 of the Orcish Mines)

   It affects your intelligence (-4).
   It protects you from negative energy.
 t - a +2 cloak (worn)
 F - a +2 hat of see invisible (worn)
 J - the +1 chain mail of Gozag's Regard (worn) {rElec Str+7 Dex-4 SInv}
   (You found it on level 10 of the Dungeon)

   It affects your strength (+7).
   It affects your dexterity (-4).
   It insulates you from electricity.
   It lets you see invisible.
 U - the +3 scale mail of Precision Catastrophes {rPois rF+ MR-}
   (You bought it in a shop on level 7 of the Dungeon)

   It protects you from fire.
   It protects you from poison.
   It affects your resistance to hostile enchantments.
 W - a +0 pair of gloves (worn)
Jewellery
 d - an uncursed ring of stealth
 u - an uncursed ring of poison resistance
 z - an uncursed amulet of the gourmand
 A - an uncursed ring of ice
 E - an uncursed ring of fire
 M - a +6 amulet of reflection (around neck)
 V - an uncursed ring of positive energy
 X - a ring of protection from fire (right hand)
 Z - an uncursed amulet of magic regeneration
Wands
 f - a wand of paralysis (10)
 h - a wand of acid (12)
 G - a wand of digging (24)
 N - a wand of disintegration (12)
 R - a wand of iceblast (8)
Scrolls
 c - 10 scrolls of teleportation
 n - 7 scrolls of remove curse
 r - a scroll of holy word
 y - 5 scrolls of blinking
 B - 3 scrolls of fog
 C - a scroll of brand weapon
 D - 2 scrolls of immolation
 I - 3 scrolls of enchant weapon
 L - 4 scrolls of fear
 Q - a scroll of silence
 Y - 3 scrolls of magic mapping
Potions
 e - 2 potions of brilliance
 i - 2 potions of agility
 j - 6 potions of ambrosia
 k - 8 potions of curing
 o - 2 potions of invisibility
 p - 4 potions of flight
 q - 3 potions of might
 x - a potion of mutation {unknown}
 H - 2 potions of haste
 K - a potion of magic {unknown}
 O - 2 potions of cancellation
 P - 4 potions of lignification
 T - a potion of degeneration {unknown}
Comestibles
 g - 40 rations


   Skills:
 + Level 14.6 Fighting
 - Level 15.0 Maces & Flails
   Level 3.0 Polearms
 - Level 10.0 Crossbows
 + Level 12.2 Armour
 + Level 9.3 Dodging
 + Level 13.5 Shields
 - Level 1.0 Unarmed Combat
 - Level 2.0 Evocations


You had 12 spell levels left.
You knew the following spells:

 Your Spells              Type           Power        Failure   Level  Hunger
a - Spider Form           Tmut/Pois      #.........   100%        3    ####...
b - Regeneration          Chrm/Necr      #.........   100%        3    ####...


Dungeon Overview and Level Annotations

Branches:
Dungeon (15/15)            Temple (1/1) D:4            Lair (6/6) D:8
  Swamp (3/4) Lair:3       Spider (0/4) Lair:3        Slime (0/5) Lair:5
    Orc (2/2) D:9             Elf (0/3) Orc:2        Vaults (0/5) D:14
 Depths (0/5) D:15

Altars:
Ashenzari
Cheibriados
Dithmenos
Elyvilon
Fedhas
Gozag
Hepliaklqana
Kikubaaqudgha
Makhleb
Nemelex Xobeh
Okawaru
Qazlal
Ru
Sif Muna
Trog
Uskayaw
Vehumet
Wu Jian
Xom
Yredelemnul
Zin
The Shining One

Shops:
D:7 *[*   Orc:2 }=%*

Annotations:
Lair:5 exclusion: 4 oklob plants
Orc:1 1 runed door, exclusion: 4 orange crystal statues


Innate Abilities, Weirdness & Mutations

You are hated by all.
You cannot study or cast Air magic.
You cannot study or cast Translocations magic.
You cannot study or cast Transmutations magic.
You have somewhat slow reflexes. (EV -5)
You are sensitive to extremes of temperature. (rF-, rC-)


Message History

The insubstantial wisp gives a chilling moan.
An insubstantial wisp comes into view.
As you read the scroll of teleportation, it crumbles to dust.
You feel strangely unstable.
The insubstantial wisp blinks!
You block the spiny frog's attack.
The komodo dragon is stunned by your will and fails to attack.
The spiny frog is stunned by your will and fails to attack.
The insubstantial wisp begins to attack, but is stunned by your will!
The komodo dragon bites you but does no damage.
You block the spiny frog's attack.
An insubstantial wisp comes into view.
You barely miss the insubstantial wisp.
You feel yourself speed up. You block the spiny frog's attack.
The insubstantial wisp barely misses you.
The spiny frog stings you.
* * * LOW HITPOINT WARNING * * *
You focus your will and blind the spiny frog in retribution!
You block the spiny frog's attack. The komodo dragon bites you!!
You die...

♣♣.... ♣. ♣♣..≈.♣
♣.≈♣≈≈♣≈.♣ ≈
♣≈≈..≈≈≈.♣♣ §.
♣.≈.≈≈≈≈.≈♣ ..§
..≈..♣≈.≈.♣♣ v.≈.
.≈≈≈.≈≈...(♣♣ ≈≈≈≈
..≈§.≈≈≈≈.l.♣.≈♣≈≈≈
≈≈♣.≈..≈.kF@v..v≈.♣
♣♣♣♣≈≈≈♣F≈w♣.≈≈≈♣
♣..§≈≈.≈.≈≈..♣
♣.♣≈≈≈≈≈§.≈≈♣♣
♣≈.≈.≈≈§≈≈.≈♣
♣♣≈≈.♣≈.≈♣≈.≈♣
♣≈..♣♣≈≈.≈... ♣≈≈.
♣≈≈≈..≈


You could see a komodo dragon, 2 spiny frogs, a swamp worm, a swamp drake and 3
insubstantial wisps.

Vanquished Creatures
  Rupert (D:14)
  An orc warlord (Orc:2)
  Aizul (Swamp:2)
  A ghoul (Swamp:2)
  A stone giant (Orc:1)
  An ettin (Orc:1)
  A minotaur (Lab)
  Josephine (D:13)
  Snorg (D:14)
  A vault guard (D:14)
  2 ogre magi (Orc:1)
  10 hydras
  The ghost of microfolk the Magician, a journeyman GnSk of Cheibriados (D:11)
  Erica (Lair:1)
  A death knight (D:15)
  14 two-headed ogres
  4 death yaks
  2 alligators (Swamp:2)
  The ghost of Thomus the Spear-Bearer, a novice DsCK of Xom (D:8)
  A tengu warrior (D:13)
  An orc high priest (Orc:1)
  An iron troll (Orc:2)
  4 unseen horrors
  A deep troll (Orc:1)
  6 skeletal warriors
  2 wizards (D:15)
  The ghost of Nukog the Thrower, a novice OgHu of Okawaru (D:6)
  A shambling mangrove (Swamp:3)
  4 orc knights
  A wolf spider (Lair:3)
  4 orc sorcerers
  6 cyclopes
  3 deep elf magi
  7 ugly things
  3 manticores
  10 elephants
  4 centaur zombies
  3 black mambas
  A torpor snail (Lair:3)
  5 gargoyles
  18 spiny frogs
  2 rime drakes
  6 komodo dragons
  An efreet (D:15)
  A freezing wraith (D:14)
  2 tengu conjurers
  5 polar bears (Lair:6)
  5 tyrant leeches
  12 trolls
  3 slime creatures (Swamp:1)
  Grinder (D:3)
  A harpy skeleton (D:15)
  10 hornets
  9 bog bodies (Swamp:2)
  11 blink frogs
  10 hippogriffs
  6 shadows
  Sigmund (D:2)
  2 vampires
  13 spriggans
  7 wraiths
  2 hogs (D:7)
  3 basilisks
  A human (D:7)
  5 wyverns
  52 yaks
  16 vampire mosquitoes
  12 swamp worms
  Menkaure (D:7)
  3 hungry ghosts
  12 insubstantial wisps
  4 wargs
  A harpy simulacrum (D:15)
  A soldier ant (D:11)
  12 water moccasins
  11 porcupines
  5 ice beasts
  2 swamp drakes
  5 sky beasts
  6 black bears
  31 orc warriors
  4 phantoms
  An eye of draining (D:8)
  4 necrophages (Swamp:2)
  25 wolves
  21 ogres
  9 centaurs
  3 boggarts (Lair:6)
  17 crocodiles
  2 big kobolds
  A gnoll sergeant (D:10)
  An earth elemental (Lab)
  22 bullfrogs
  A wyvern zombie (D:10)
  A wyvern skeleton (D:13)
  16 killer bees
  25 wights
  A howler monkey (D:4)
  4 electric eels (D:10)
  11 crimson imps
  A bullfrog zombie (D:13)
  4 jellies
  2 quasits
  18 orc priests
  4 hounds
  6 centaur skeletons
  A gnoll shaman (Orc:2)
  31 orc wizards
  Jessica (D:2)
  4 iguanas
  A hell rat (D:8)
  9 worker ants
  A killer bee zombie (D:10)
  2 hound skeletons
  A howler monkey zombie (D:6)
  A worker ant zombie (D:10)
  16 adders
  11 gnolls
  2 shadow imps
  2 oozes
  2 adder skeletons
  4 worms
  2 dart slugs
  9 leopard geckos
  119 orcs
  2 ball pythons
  9 bats
  5 giant cockroaches
  6 hobgoblins
  11 jackals
  6 quokkas
  2 frilled lizards
  5 goblins
  18 kobolds
  A leopard gecko zombie (D:7)
  A quokka zombie (D:7)
  3 rats
  4 fungi
  A plant (Lair:1)
923 creatures vanquished.

Vanquished Creatures (others)
  A hydra (Lair:6)
  3 two-headed ogres
  A shambling mangrove (Swamp:2)
  A cyclops (D:12)
  A komodo dragon (Lair:4)
  A polar bear (Lair:6)
  2 trolls
  2 hornets
  A bog body (Swamp:2)
  A blink frog (Swamp:3)
  A spriggan (Lair:6)
  3 yaks
  2 wyverns
  A vampire mosquito (Swamp:1)
  A swamp worm (Swamp:2)
  2 ogres (Orc:2)
  2 wolves
  2 centaurs
  A bullfrog (D:15)
  2 killer bees
  An orc priest (D:10)
  An orc (Orc:2)
  11 fungi
  7 plants
51 creatures vanquished.

Grand Total: 974 creatures vanquished

Notes
Turn   | Place    | Note
-------+----------+-------------------------------------------
     0 | D:1      | Wander the Human Wanderer began the quest for the Orb.
     0 | D:1      | Wander set off with: a scroll of fear, a potion of berserk rage, a scroll of teleportation, a potion of curing, a +0 robe, a +0 dagger, a ration
     0 | D:1      | Reached XP level 1. HP: 18/18 MP: 2/2
   248 | D:1      | Reached skill level 1 in Maces & Flails
   248 | D:1      | Reached XP level 2. HP: 24/24 MP: 3/3
   611 | D:1      | Reached skill level 2 in Maces & Flails
   749 | D:1      | Reached XP level 3. HP: 28/29 MP: 4/4
   823 | D:2      | Noticed Sigmund
  1095 | D:2      | Reached XP level 4. HP: 35/35 MP: 5/5
  1117 | D:2      | Learned a level 3 spell: Spider Form
  1123 | D:2      | Reached skill level 1 in Shields
  1216 | D:2      | Reached skill level 3 in Maces & Flails
  1230 | D:2      | Noticed Jessica
  1246 | D:2      | Killed Jessica
  1358 | D:2      | Reached XP level 5. HP: 41/41 MP: 6/6
  1606 | D:2      | Killed Sigmund
  1606 | D:2      | Reached skill level 4 in Maces & Flails
  1606 | D:2      | Reached XP level 6. HP: 47/47 MP: 7/7
  1699 | D:2      | Reached skill level 5 in Maces & Flails
  2123 | D:3      | Noticed Grinder
  2146 | D:3      | Killed Grinder
  2146 | D:3      | Reached skill level 6 in Maces & Flails
  2146 | D:3      | Reached skill level 1 in Armour
  2146 | D:3      | Reached XP level 7. HP: 35/52 MP: 8/8
  2532 | D:3      | Found a hazy altar of Hepliaklqana.
  2533 | D:3      | Found a shimmering altar of Xom.
  2533 | D:3      | Noticed a Killer Klown
  2534 | D:3      | Noticed a spectral ugly thing
  2534 | D:3      | Noticed a Killer Klown
  3191 | D:4      | Found a staircase to the Ecumenical Temple.
  3200 | Temple   | Entered the Ecumenical Temple
  3312 | Temple   | Became a worshipper of Ru the Awakened
  3377 | D:4      | Found a shattered altar of Ashenzari.
  3953 | D:4      | Reached XP level 8. HP: 58/58 MP: 9/9
  4535 | D:5      | Entered Level 5 of the Dungeon
  4620 | D:5      | Reached skill level 7 in Maces & Flails
  4792 | D:5      | Got an iridescent hunting sling
  4851 | D:5      | Identified the +5 hunting sling of Eternal Harmony {flame, +Fly MR- Int+8 Dex-4 SInv} (You found it on level 5 of the Dungeon)
  4876 | D:5      | Gained mutation: You are sensitive to extremes of temperature. (rF-, rC-) [Ru sacrifice]
  4876 | D:5      | Reached * piety under Ru
  4876 | D:5      | Reached ** piety under Ru
  4894 | D:5      | Found a basalt altar of Yredelemnul.
  5698 | D:6      | Got a smoking shield
  5709 | D:6      | Identified the +0 shield "Ninapidgh" {-Cast Regen+ Stlth+} (You found it on level 6 of the Dungeon)
  6073 | D:6      | Reached skill level 8 in Maces & Flails
  6203 | D:6      | Noticed Nukog's ghost (novice OgHu)
  6207 | D:6      | Reached XP level 9. HP: 63/64 MP: 10/10
  6221 | D:6      | Killed Nukog's ghost
  6221 | D:6      | Reached skill level 9 in Maces & Flails
  6714 | D:7      | Found Uhugibbu's General Store.
  6724 | D:7      | Bought a scroll of identify for 22 gold pieces
  6724 | D:7      | Bought a scroll of identify for 22 gold pieces
  6724 | D:7      | Bought a scroll of identify for 22 gold pieces
  6768 | D:7      | Noticed Menkaure
  6769 | D:7      | Found Onuluff's General Store.
  6778 | D:7      | Killed Menkaure
  6847 | D:7      | Reached skill level 10 in Maces & Flails
  7033 | D:7      | Noticed a hippogriff
  7070 | D:8      | Killed a hippogriff
  7070 | D:8      | Reached XP level 10. HP: 30/73 MP: 11/11
  7372 | D:7      | Found Gis Noss's Antique Armour Shoppe.
  7382 | D:7      | Bought a fine scale mail for 243 gold pieces
  7395 | D:7      | Identified the +3 scale mail of Precision Catastrophes {rPois rF+ MR-} (You bought it in a shop on level 7 of the Dungeon)
  7412 | D:7      | Gained mutation: You have somewhat slow reflexes. (EV -5) [Ru sacrifice]
  7412 | D:7      | Reached *** piety under Ru
  7412 | D:7      | Reached **** piety under Ru
  7422 | D:7      | Found a glowing silver altar of Zin.
  7485 | D:7      | Found an opulent altar of Gozag.
  7748 | D:7      | Reached skill level 11 in Maces & Flails
  8260 | D:8      | Found a bloodstained altar of Trog.
  8293 | D:8      | Noticed a death yak
  8294 | D:8      | Noticed a death yak
  8303 | D:8      | Noticed a death yak
  8319 | D:8      | Killed a death yak
  8319 | D:8      | Reached skill level 5 in Fighting
  8319 | D:8      | Reached skill level 5 in Armour
  8324 | D:8      | HP: 1/74 [death yak (21)]
  8335 | D:8      | Killed a death yak
  8335 | D:8      | Reached skill level 12 in Maces & Flails
  8344 | D:8      | Killed a death yak
  8344 | D:8      | Reached XP level 11. HP: 21/80 MP: 12/12
  8749 | D:8      | Found a staircase to the Lair.
  9346 | D:8      | Noticed Thomus's ghost (novice DsCK)
  9358 | D:8      | Killed Thomus's ghost
  9358 | D:8      | Reached skill level 13 in Maces & Flails
  9729 | D:8      | Got a warped hand crossbow
  9730 | D:8      | Identified the +4 hand crossbow of Conservatism {elec, rF- Str+4 Int+3} (You found it on level 8 of the Dungeon)
 10009 | Lair:1   | Entered Level 1 of the Lair of Beasts
 10294 | D:8      | Found a snail-covered altar of Cheibriados.
 10481 | Lair:1   | Gained mutation: You are hated by all. [Ru sacrifice]
 10481 | Lair:1   | Reached ***** piety under Ru
 10499 | Lair:1   | Noticed a six-headed hydra
 10510 | Lair:1   | HP: 2/81 [six-headed hydra (12)]
 10567 | Lair:2   | HP: 4/121 [crocodile (4)]
 10572 | Lair:2   | HP: 4/121 [porcupine (9)]
 10922 | Lair:1   | Killed a six-headed hydra
 10922 | Lair:1   | Reached skill level 1 in Crossbows
 11250 | Lair:1   | Noticed Erica
 11282 | Lair:1   | Killed Erica
 11846 | Lair:1   | Reached XP level 12. HP: 69/89 MP: 13/13
 12202 | Lair:2   | Noticed a four-headed hydra
 12223 | Lair:1   | Killed a four-headed hydra
 12407 | Lair:1   | Reached skill level 14 in Maces & Flails
 12821 | Lair:1   | Reached skill level 5 in Dodging
 13750 | Lair:2   | Gained mutation: You cannot study or cast Air magic. [Ru sacrifice]
 13750 | Lair:2   | Gained mutation: You cannot study or cast Transmutations magic. [Ru sacrifice]
 13750 | Lair:2   | Gained mutation: You cannot study or cast Translocations magic. [Ru sacrifice]
 13750 | Lair:2   | Reached ****** piety under Ru
 14419 | Lair:3   | Reached skill level 5 in Crossbows
 14835 | Lair:3   | Noticed an eight-headed hydra
 14854 | Lair:3   | Killed an eight-headed hydra
 15441 | Lair:3   | Reached XP level 13. HP: 82/98 MP: 14/14
 15948 | Lair:3   | Found a hole to the Spider Nest.
 16045 | Lair:3   | Found a runed door.
 16051 | Lair:3   | Noticed an eight-headed hydra
 16053 | Lair:3   | Killed an eight-headed hydra
 16139 | Lair:3   | Found a staircase to the Swamp.
 16639 | Lair:4   | Noticed a four-headed hydra
 16652 | Lair:4   | Killed a four-headed hydra
 19897 | Lair:5   | Reached XP level 14. HP: 88/109 MP: 15/15
 19919 | Lair:5   | Found a staircase to the Slime Pits.
 20591 | Lair:6   | Entered Level 6 of the Lair of Beasts
 20800 | Lair:6   | Reached skill level 10 in Fighting
 21388 | Lair:6   | Reached skill level 10 in Armour
 21477 | Lair:6   | Reached skill level 10 in Crossbows
 23442 | D:9      | Found a staircase to the Orcish Mines.
 23717 | Orc:1    | Entered Level 1 of the Orcish Mines
 24262 | Orc:2    | Entered Level 2 of the Orcish Mines
 24458 | Orc:2    | Noticed an orc warlord
 24959 | Orc:2    | Killed an orc warlord
 24993 | Orc:1    | Reached XP level 15. HP: 24/120 MP: 12/16
 25536 | Orc:2    | Paralysed by an ogre mage for 6 turns
 26810 | Orc:2    | Noticed a stone giant
 26870 | Orc:1    | Killed a stone giant
 27642 | Orc:2    | Found Urchatso's Food Shoppe.
 27663 | Orc:2    | Found Sogedwis's Gadget Boutique.
 27668 | Orc:2    | Found Doestruab's General Store.
 27669 | Orc:2    | Found Rem Pyn's Jewellery Shoppe.
 28054 | Orc:2    | Found a shimmering altar of Xom.
 28229 | Orc:2    | Found a staircase to the Elven Halls.
 28376 | Orc:1    | Found a runed door.
 28406 | Orc:1    | Found the +10 large shield of Ignorance {rN+ Int-4}
 29036 | Orc:1    | Found a runed door.
 29046 | Orc:1    | Noticed a stone giant
 29772 | D:10     | Entered Level 10 of the Dungeon
 30042 | D:10     | Got a faintly humming chain mail
 30053 | D:10     | Identified the cursed +1 chain mail of Gozag's Regard {rElec Str+7 Dex-4 SInv} (You found it on level 10 of the Dungeon)
 30929 | D:11     | Got a faintly glowing leather armour
 30962 | D:11     | Got a translucent dagger
 30963 | D:11     | Identified the cursed +2 dagger "Wander's Peril" {speed, rElec Int+4} (You found it on level 11 of the Dungeon)
 30999 | D:10     | Identified the +1 leather armour "Azutedeh" {rF+} (You found it on level 11 of the Dungeon)
 31387 | D:11     | Noticed microfolk's ghost (journeyman GnSk)
 31400 | D:11     | Killed microfolk's ghost
 31495 | D:11     | Got a jet-encrusted ring mail
 31506 | D:11     | Identified the cursed +0 ring mail "Koichum" {Str+3} (You found it on level 11 of the Dungeon)
 32018 | D:12     | Reached skill level 5 in Shields
 32116 | D:12     | Found a labyrinth entrance.
 32124 | Lab      | Entered a labyrinth
 32463 | Lab      | Reached XP level 16. HP: 131/131 MP: 17/17
 32956 | D:12     | Learned a level 3 spell: Regeneration
 33130 | D:12     | Reached XP level 17. HP: 138/138 MP: 18/18
 33131 | D:12     | Reached skill level 10 in Shields
 33131 | D:12     | Reached XP level 18. HP: 145/145 MP: 19/19
 34011 | D:13     | Noticed Josephine
 34025 | D:13     | Killed Josephine
 34137 | D:14     | Found a gate to the Vaults.
 34195 | D:14     | Noticed Rupert
 34200 | D:14     | Paralysed by Rupert for 7 turns
 34223 | D:14     | Killed Rupert
 34654 | D:14     | Noticed Snorg
 34664 | D:14     | Killed Snorg
 34856 | D:14     | Got an ebony flail
 34857 | D:14     | Identified the +5 flail of Intuition {venom, Int+5} (You found it on level 14 of the Dungeon)
 34859 | D:14     | Found a glowing silver altar of Zin.
 35089 | D:15     | Entered Level 15 of the Dungeon
 35333 | D:15     | Found a blossoming altar of Fedhas.
 35784 | D:15     | Paralysed by a wizard for 4 turns
 35793 | D:15     | Paralysed by an orc sorcerer for 6 turns
 36166 | D:15     | Reached skill level 15 in Maces & Flails
 36762 | D:15     | Found a staircase to the Depths.
 37029 | Swamp:1  | Entered Level 1 of the Swamp
 38129 | Swamp:2  | Noticed Aizul
 38152 | Swamp:2  | Killed Aizul
 38603 | Swamp:2  | Reached XP level 19. HP: 149/153 MP: 20/20
 40056 | Swamp:3  | Noticed Mara
 40070 | Swamp:3  | Noticed Wander's illusion
 40125 | Swamp:3  | Slain by a komodo dragon

Skill      XL: |  1  2  3  4  5  6  7  8  9 10 11 12 13 14 15 16 17 18 |
---------------+-------------------------------------------------------+-----
Maces & Flails | 1 2 3 4 6 8 10 12 13 14 15 | 15.0
Shields        | 1 2 3 4 5 8 10 13 | 13.5
Armour         | 1 2 3 5 6 7 9 10 11 12 | 12.2
Dodging        | 2 4 5 6 8 9 |  9.3
Fighting       | 4 5 6 7 9 12 13 14 | 14.6
Crossbows      | 3 6 9 10 | 10.0
Polearms       | |  3.0
Unarmed Combat | |  1.0
Evocations     | |  2.0

Action                   |  1- 3 |  4- 6 |  7- 9 | 10-12 | 13-15 | 16-18 | 19-21 || total
-------------------------+-------+-------+-------+-------+-------+-------+-------++-------
Melee: Dagger            |    13 |       |       |       |     2 |       |       ||    15
       Mace              |    65 |   106 |   408 |       |       |    34 |       ||   613
       Flail             |       |       |    33 |   738 |  1575 |  1112 |   224 ||  3682
       Great mace        |       |       |       |       |    19 |       |       ||    19
 Fire: Hand crossbow     |       |       |       |    83 |   273 |       |       ||   356
Invok: Sacrifice Resista |       |       |     1 |       |       |       |       ||     1
       Power Leap        |       |       |       |     8 |    44 |     3 |     2 ||    57
       Draw Out Power    |       |       |       |     1 |       |       |       ||     1
       Sacrifice Health  |       |       |       |     1 |       |       |       ||     1
       Apocalypse        |       |       |       |     2 |     3 |     2 |       ||     7
       Sacrifice Love    |       |       |       |     1 |       |       |       ||     1
       Sacrifice Arcana  |       |       |       |     1 |       |       |       ||     1
Evoke: Wand              |       |       |       |       |     1 |       |       ||     1
  Use: Scroll            |       |     6 |     6 |     3 |     8 |     6 |     3 ||    32
       Potion            |       |     3 |     2 |    10 |     5 |     3 |     2 ||    25
 Stab: Distracted        |       |       |     1 |     4 |     9 |     6 |     2 ||    22
       Invisible         |       |       |       |    11 |     7 |     2 |     3 ||    23
       Paralysed         |       |       |       |     4 |    43 |     4 |     1 ||    52
  Eat: Chunk             |       |     4 |    13 |    23 |    51 |    16 |     3 ||   110
       Ration            |       |       |     1 |     1 |     1 |     2 |       ||     5
Armor: Leather armour    |     4 |       |       |       |       |       |       ||     4
       Robe              |     1 |       |       |       |       |       |       ||     1
       Ring mail         |    41 |    40 |    88 |       |       |       |       ||   169
       Scale mail        |       |       |    65 |   224 |   427 |       |       ||   716
       Skin              |       |       |       |    12 |       |       |       ||    12
       Chain mail        |       |       |       |       |    81 |   119 |    31 ||   231
Dodge: Dodged            |    42 |    55 |   149 |   130 |   385 |    35 |    13 ||   809
Block: Buckler           |    18 |    18 |   155 |   317 |   672 |       |       ||  1180
       Reflection        |     3 |       |     6 |     2 |    25 |    10 |       ||    46
       Large shield      |       |       |       |       |   204 |   931 |   224 ||  1359
       Other             |       |       |       |       |     5 |       |       ||     5
